 Dungeon Crawl Stone Soup version 0.28.0-53-g5a82cb258f (webtiles) character file.

Game seed: 12534261864198080703

10053 slowmoth the Severer (level 11, -2/106 HPs)
             Began as a Minotaur Berserker on July 16, 2022.
             Was a Priest of Trog.
             Killed from afar by a deep elf pyromancer (15 damage)
             ... with a bolt of fire
             ... on level 11 of the Dungeon on July 17, 2022.
             The game lasted 00:22:40 (12870 turns).

slowmoth the Severer (Minotaur Berserker)          Turns: 12870, Time: 00:22:41

Health: -2/106     AC: 12    Str: 26    XL:     11   Next: 31%
Magic:  10/10      EV: 13    Int:  4    God:    Trog [***...]
Gold:   420        SH:  0    Dex: 10    Spells: 10/10 levels left

rFire   + . .      SeeInvis .   a - +0 hand axe
rCold   . . .      Faith    +   (no shield)
rNeg    . . .      Spirit   .   t - +0 chain mail
rPois   .          Reflect  .   h - +2 hat
rElec   .          Harm     .   (no cloak)
rCorr   .          Rampage  .   n - +0 pair of gloves
Will    .....                   (no boots)
Stlth   ..........              g - amulet of faith
HPRegen 0.27/turn               B - +4 ring of evasion
MPRegen 0.12/turn               y - ring of protection from fire

@: on berserk cooldown, slowed, very slow
A: horns 2, retaliatory headbutt
a: Renounce Religion, Berserk, Trog's Hand


You were on level 11 of the Dungeon.
You worshipped Trog.
Trog was most pleased with you.
You visited 2 branches of the dungeon, and saw 12 of its levels.

You collected 530 gold pieces.
You spent 110 gold pieces at shops.

Inventory:

Hand Weapons
 a - a +0 hand axe (weapon)
Armour
 b - a +0 animal skin
 h - a +2 hat (worn)
 n - a +0 pair of gloves (worn)
 t - a +0 chain mail (worn)
 K - a +0 chain mail
 O - a +0 cloak
Jewellery
 g - an amulet of faith (around neck)
 y - a ring of protection from fire (right hand)
 A - a ring of ice
 B - a +4 ring of evasion (left hand)
Wands
 w - a wand of paralysis (4)
 C - a wand of polymorph (10)
 E - a wand of flame (18)
Scrolls
 d - 3 scrolls of torment
 i - 3 scrolls of enchant armour
 k - 3 scrolls of immolation
 m - a scroll of blinking
 p - 2 scrolls of magic mapping
 r - 5 scrolls of teleportation
 s - 4 scrolls of vulnerability
 x - a scroll of noise
 G - a scroll of fog {unknown}
 I - a scroll of fear
 J - a scroll of amnesia {unknown}
 L - a scroll of holy word {unknown}
 P - a scroll of identify
Potions
 c - a potion of heal wounds
 e - 4 potions of curing
 f - 2 potions of berserk rage
 j - a potion of brilliance
 l - a potion of invisibility
 o - a potion of degeneration
 q - a potion of resistance
 u - a potion of might
 v - 2 potions of haste
 z - 2 potions of ambrosia
 D - 2 potions of cancellation
 F - a potion of attraction {unknown}
 M - 2 potions of flight {unknown}
 N - a potion of mutation {unknown}
Miscellaneous
 H - a condenser vane (inert)


   Skills:
 + Level 12.9 Fighting
 - Level 16.9 Axes
 + Level 4.1 Armour
 - Level 2.4 Dodging


You had 10 spell levels left.
You didn't know any spells.
Your spell library was empty.

Dungeon Overview and Level Annotations

Branches:
Dungeon (11/15)            Temple (0/1) D:6            Lair (1/6) D:11
    Orc: D:9-12

Altars:
Fedhas
Trog

Shops:
D:3 !

Annotations:
D:6 1 runed translucent door, turdburglar's ghost, novice DsGl
D:10 2 transporters, GilGalad's ghost, journeyman DjIE


Innate Abilities, Weirdness & Mutations

You have a pair of horns on your head.
You reflexively headbutt those who attack you in melee.


Message History

You are exhausted.
You feel yourself slow down.
Okay, then.
You feel much better. The fire elemental barely misses you.
You furiously retaliate!
You headbutt the fire elemental.
The deep elf pyromancer gestures wildly while chanting.
The deep elf pyromancer blinks!
The fire elemental misses you.
You hit the fire elemental.
The fire elemental is moderately damaged.
The fire elemental misses you.
You hit the fire elemental but do no damage.
You headbutt the fire elemental!
The fire elemental is severely damaged.
The fire elemental hits you. The fire elemental burns you! You resist.
The fire elemental misses you.
You hit the fire elemental.
The fire elemental is severely damaged.
Your skin stops crawling.
You feel less strong-willed. The fire elemental hits you.
The fire elemental burns you! You resist.
You slash the fire elemental!
You destroy the fire elemental!
The fire elemental disappears in a puff of smoke!
The fire elemental hits you. The fire elemental burns you! You resist.
* * * LOW HITPOINT WARNING * * *
You hit the fire elemental.
The fire elemental is almost destroyed.
The deep elf pyromancer casts a spell at you.
The bolt of fire hits the fire elemental.
The fire elemental completely resists.
The bolt of fire hits you! You resist.
* * * LOW HITPOINT WARNING * * *
The fire elemental hits you. The fire elemental burns you! You resist.
* * * LOW HITPOINT WARNING * * *
You miss the fire elemental.
Your headbutt misses the fire elemental.
The fire elemental is almost destroyed.
The fire elemental completely misses you.
The deep elf pyromancer casts a spell at you.
The bolt of fire hits the fire elemental.
The fire elemental completely resists.
The bolt of fire hits you! You resist.
You die...

#### #.. ###.###
###.....###### ## '#
##.........##@###.###..#
####...........#E#.........
...............e○#.........
.........>...°...'.........
[.............)..#.........
##.#...........####..##...#
##.##.........## #..# ...#
...####.....#### ...# ..#
.....#.......... ...# .#


You could see a deep elf pyromancer and a fire elemental (summoned).

Vanquished Creatures
  A catoblepas (Lair:1)
  3 two-headed ogres
  An unseen horror (D:11)
  A kobold demonologist (D:11)
  Psyche (D:10)
  A tengu conjurer (D:11)
  A hornet (D:10)
  A wraith (D:10)
  A wyvern (D:7)
  10 yaks
  A basilisk (Lair:1)
  A steam dragon (D:8)
  Menkaure (D:4)
  2 water moccasins
  3 wargs
  An orc warrior (D:6)
  A sky beast (D:7)
  2 black bears
  3 ice beasts
  A hornet zombie (D:6)
  2 ogres
  A necrophage (D:5)
  5 centaurs
  A bullfrog (Lair:1)
  A gnoll sergeant (D:7)
  A water moccasin zombie (D:6)
  A wyvern zombie (D:8)
  2 wyvern skeletons
  An electric eel (D:8)
  6 wights
  6 centaur zombies
  A bullfrog zombie (D:5)
  5 hounds
  6 orc priests
  3 jellies
  2 centaur skeletons
  An iguana (D:6)
  4 bullfrog skeletons
  8 orc wizards
  A killer bee zombie (D:6)
  2 howler monkey skeletons
  A howler monkey zombie (D:6)
  5 adders
  A shadow imp (D:7)
  2 white imps
  4 worms
  2 dart slugs
  13 orcs
  9 endoplasms
  4 giant cockroaches
  6 goblins
  6 hobgoblins
  4 jackals
  9 kobolds
  6 quokkas
  8 ball pythons
  5 bats
  A frilled lizard (D:3)
  4 rats
187 creatures vanquished.

Vanquished Creatures (others)
  A demonic plant (D:1)
  6 fungi (Lair:1)
  5 plants (Lair:1)
  A withered plant (D:1)
13 creatures vanquished.

Grand Total: 200 creatures vanquished

Notes
Turn   | Place    | Note
-------+----------+-------------------------------------------
     0 | D:1      | slowmoth the Minotaur Berserker began the quest for the
                  | Orb.
     0 | D:1      | Reached XP level 1. HP: 19/19 MP: 0/0
   370 | D:1      | Found a faded altar of an unknown god.
   440 | D:1      | Reached XP level 2. HP: 27/27 MP: 1/1
   502 | D:1      | Reached skill level 4 in Axes
  1255 | D:1      | Found a blossoming altar of Fedhas.
  1332 | D:1      | Reached ** piety under Trog
  1351 | D:2      | Reached XP level 3. HP: 33/33 MP: 2/2
  1815 | D:2      | Reached skill level 5 in Axes
  2144 | D:3      | Reached XP level 4. HP: 40/41 MP: 3/3
  2188 | D:3      | Found Dozu's Distillery.
  2352 | D:3      | Bought 2 potions of heal wounds for 110 gold pieces
  2458 | D:3      | Reached XP level 5. HP: 39/47 MP: 4/4
  2723 | D:3      | Reached skill level 5 in Fighting
  2723 | D:3      | Reached skill level 6 in Axes
  3073 | D:4      | Noticed Menkaure
  3087 | D:3      | Reached *** piety under Trog
  3130 | D:4      | Killed Menkaure
  3131 | D:4      | Reached skill level 7 in Axes
  3131 | D:4      | Reached XP level 6. HP: 56/56 MP: 5/5
  3826 | D:4      | Found a bloodstained altar of Trog.
  3949 | D:5      | Entered Level 5 of the Dungeon
  4217 | D:5      | Noticed an ice beast
  4244 | D:5      | Killed an ice beast
  4245 | D:5      | Reached skill level 8 in Axes
  4245 | D:5      | Reached XP level 7. HP: 51/64 MP: 6/6
  4547 | D:5      | Reached skill level 9 in Axes
  4786 | D:6      | Reached XP level 8. HP: 73/73 MP: 7/7
  4860 | D:6      | Reached skill level 10 in Axes
  4901 | D:6      | Found a runed translucent door.
  4904 | D:6      | Noticed turdburglar's ghost (novice DsGl)
  4960 | D:6      | Reached skill level 11 in Axes
  5365 | D:6      | Found a staircase to the Ecumenical Temple.
  5633 | D:6      | Reached **** piety under Trog
  5792 | D:7      | Reached XP level 9. HP: 82/82 MP: 8/8
  5818 | D:7      | Reached skill level 12 in Axes
  6892 | D:8      | Reached skill level 13 in Axes
  7204 | D:8      | You fall into a shaft and drop 2 floors!
  7204 | D:10     | Entered Level 10 of the Dungeon
  7423 | D:8      | Reached skill level 10 in Fighting
  8068 | D:9      | Noticed a two-headed ogre
  8077 | D:9      | Killed a two-headed ogre
  8078 | D:9      | Reached skill level 14 in Axes
  8473 | D:9      | Reached XP level 10. HP: 70/94 MP: 9/9
  8979 | D:10     | Noticed a five-headed hydra
  8980 | D:10     | Noticed a brown ugly thing
  8980 | D:10     | Noticed a boulder beetle
  8989 | D:10     | Noticed a two-headed ogre
  8990 | D:10     | Found a transporter.
  9000 | D:10     | Killed a two-headed ogre
  9001 | D:10     | Reached skill level 15 in Axes
  9214 | D:10     | Noticed GilGalad's ghost (journeyman DjIE)
  9214 | D:10     | Noticed a two-headed ogre
  9242 | D:10     | Killed a two-headed ogre
  9614 | D:10     | Found a transporter.
  9701 | D:10     | Paralysed by a hornet for 2 turns
 10505 | D:11     | Noticed a deep elf pyromancer
 10559 | D:10     | Reached skill level 16 in Axes
 11352 | D:11     | Reached XP level 11. HP: 100/104 MP: 10/10
 11367 | D:11     | Found a staircase to the Lair.
 11376 | D:11     | Noticed Psyche
 11503 | D:10     | Killed Psyche
 11696 | D:11     | Noticed a soul eater
 12167 | Lair:1   | Entered Level 1 of the Lair of Beasts
 12262 | Lair:1   | Noticed a seven-headed hydra
 12308 | Lair:1   | Noticed a catoblepas
 12339 | Lair:1   | Killed a catoblepas
 12870 | D:11     | Killed from afar by a deep elf pyromancer

Illustrated notes

Levels and vault maps discovered:
D:1:      dpeg_arrival_water_altar, layout_basic, shapermc_ecumenical_altar_gd
D:2:      layout_rooms
D:3:      layout_loops_ring, serial_shops, nicolae_shop_hallway_plus
D:4:      layout_cave_pools, lightli_temple_of_fire, minmay_starry_boxes,
          uniq_menkaure
D:5:      layout_loops_ring, st_stairs_6
D:6:      layout_basic, minmay_temple_entry_statues, gammafunk_ghost_grave,
          nicolae_concentric_dashed_squares_mild
D:7:      minmay_skewed_foursquare, layout_loops_ring, chequers_avenue
D:8:      layout_basic
D:9:      layout_roguey
D:10:     layout_basic, nzn_ghost_randoct, serial_glass, glass_columns_b,
          glass_columns_c
D:11:     layout_gridville, erik_lair_orcish_takeover, uniq_sonja, uniq_psyche
Lair:1:   layout_loops_ring

Skill      XL: |  1  2  3  4  5  6  7  8  9 10 11 |
---------------+----------------------------------+-----
Axes           | 4 5 7 8 9 11 14 16 | 16.9
Fighting       | 4 5 6 7 8 10 12 | 12.9
Armour         | 4 |  4.1
Dodging        | |  2.4

Action                   |  1- 3 |  4- 6 |  7- 9 | 10-12 || total
-------------------------+-------+-------+-------+-------++-------
Melee: Hand axe          |   100 |   162 |   265 |   292 ||   819
       Headbutt          |    10 |    19 |    72 |    58 ||   159
       Punch             |       |     2 |     7 |     3 ||    12
Invok: Berserk           |     1 |     3 |     2 |     7 ||    13
       Trog's Hand       |       |     4 |     4 |     7 ||    15
Evoke: Wand              |       |       |     1 |     1 ||     2
       Condenser vane    |       |       |       |     1 ||     1
  Use: Scroll            |       |     5 |    13 |     1 ||    19
       Potion            |       |       |     1 |     4 ||     5
 Stab: Sleeping          |     1 |       |       |       ||     1
Armor: Animal skin       |    20 |    14 |       |       ||    34
       Chain mail        |       |    56 |    90 |   153 ||   299
Dodge: Dodged            |    63 |    65 |   143 |   138 ||   409
